AoeStats
← beneath mariana

African Clearing

503853333Analyzed
4v4 RM · 1mo ago on Sep 2, 2026· 59m 6s· 8 players
Game mode
Random Map
Map size
Large (8 player)
Population
200
Speed
Normal
Resources
Standard
Victory
Conquest
Starting age
Dark Age
Ending age
Imperial Age
RankedLock teamsTeams togetherTeam positionsShared explorationLock speedFull tech treeHidden civsTurbo modeCheats
Victory
Defeat
🇭🇰 Jurchens · Hong Kong SAR China
1484
+12
🇭🇰 Burgundians · Hong Kong SAR China
1441
+14
🇭🇰 Mongols · Hong Kong SAR China
1434
+14
🇭🇰 Italians · Hong Kong SAR China
1285
+21
🇨🇳 Aztecs · China
1429
-17
🇱🇰 Persians · Sri Lanka
1400
-15
🇺🇸 Jurchens · United States
1394
-15
🇺🇸 Maya · United States
1381
-15
ChancellorTS
11:28 Feudal Age
11:44 Loom
13:13 Double-Bit Axe
18:42 Castle Age
18:40 Bloodlines
18:38 Scale Barding Armor
20:53 Bow Saw
22:08 Wheelbarrow
21:55 Horse Collar
24:39 Chain Barding Armor
29:10 Husbandry
32:59 Heavy Plow
39:33 Imperial Age
40:31 Elite Steppe Lancer
42:14 Plate Barding Armor
41:55 Forging
43:55 Iron Casting
48:41 Hand Cart
48:13 Town Watch
52:30 Blast Furnace
52:14 Fletching
52:49 Ballistics
54:41 Bodkin Arrow
Zilchland
10:56 Loom
13:05 Feudal Age
17:16 Castle Age
15:46 Double-Bit Axe
16:25 Fletching
20:55 Bodkin Arrow
24:54 Padded Archer Armor
25:57 Ballistics
33:04 Thumb Ring
39:15 Imperial Age
37:41 Leather Archer Armor
39:27 Bow Saw
39:59 Bracer
41:30 Chemistry
46:36 Elite Plumed Archer
50:57 Conscription
53:32 Wheelbarrow
53:53 Ring Archer Armor
53:29 Hul'che Javelineers
beneath mariana
12:54 Feudal Age
12:58 Loom
14:18 Wheelbarrow
14:09 Double-Bit Axe
14:21 Town Watch
17:44 Gold Mining
20:24 Castle Age
18:21 Stone Mining
19:00 Scale Mail Armor
19:41 Forging
21:01 Fletching
21:29 Chain Mail Armor
21:44 Bow Saw
30:41 Imperial Age
30:38 Hand Cart
30:47 Redemption
30:58 Sanctity
30:49 Fervor
31:01 Fervor
31:16 Sanctity
32:27 Horse Collar
34:02 Block Printing
35:20 Conscription
36:22 Illumination
36:32 Theocracy
36:38 Squires
37:13 Redemption
38:54 Bodkin Arrow
41:13 Atonement
43:02 Bracer
50:24 Herbal Medicine
52:50 Eagle Warrior
54:10 Elite Eagle Warrior
56:03 Plate Mail Armor
57:51 Iron Casting
58:35 Garland Wars
60:10 Blast Furnace
thagichord
3:40 Loom
15:40 Feudal Age
19:33 Castle Age
22:09 Forging
22:04 Town Watch
22:10 Double-Bit Axe
30:46 Horse Collar
38:26 Wheelbarrow
40:02 Hand Cart
40:03 Bow Saw
39:46 Fishing Lines
41:08 Heavy Plow
41:53 Scale Barding Armor
41:58 Forging
42:13 Fletching
44:12 Gold Mining
44:16 Stone Mining
45:07 Chain Barding Armor
45:22 Iron Casting
48:30 Imperial Age
46:51 Husbandry
47:01 Bloodlines
49:24 Plate Barding Armor
49:54 Blast Furnace
49:16 Conscription
50:50 Elite War Elephant
54:27 Citadels
58:08 Masonry
58:28 Ballistics
59:10 Chemistry
58:49 Hoardings
王老吉字花檔
5:29 Loom
14:31 Feudal Age
15:24 Double-Bit Axe
18:42 Castle Age
16:51 Fletching
17:53 Padded Archer Armor
19:57 Town Watch
20:40 Bow Saw
33:34 Bodkin Arrow
33:54 Leather Archer Armor
34:47 Ballistics
39:33 Imperial Age
39:33 Wheelbarrow
41:34 Gold Mining
41:35 Stone Mining
42:47 Two-Man Saw
41:29 Horse Collar
44:01 Chemistry
44:26 Stone Shaft Mining
46:14 Conscription
47:51 Hand Cart
48:28 Bracer
48:58 Ring Archer Armor
51:41 Devotion
52:36 Squires
52:21 Arson
53:18 Caravan
53:41 Elite Genoese Crossbowman
54:51 Heavy Plow
55:28 Masonry
羅敏莊
13:04 Loom
14:49 Feudal Age
16:31 Double-Bit Axe
19:16 Castle Age
20:38 Stone Mining
20:39 Gold Mining
21:01 Bow Saw
28:05 Wheelbarrow
27:27 Horse Collar
35:31 Imperial Age
33:52 Bloodlines
33:43 Husbandry
34:00 Scale Barding Armor
34:05 Forging
35:05 Gold Shaft Mining
35:23 Chain Barding Armor
36:27 Iron Casting
36:08 Devotion
36:34 Conscription
35:50 Elite Steppe Lancer
38:24 Plate Barding Armor
40:55 Coinage
41:27 Blast Furnace
41:17 Heavy Plow
43:20 Heavy Rocket Cart
45:15 Siege Engineers
55:32 Banking
evi
3:37 Loom
14:18 Feudal Age
17:57 Castle Age
16:07 Double-Bit Axe
16:12 Fletching
18:56 Bow Saw
19:25 Bodkin Arrow
29:12 Wheelbarrow
30:25 Horse Collar
35:57 Hand Cart
37:48 Gold Mining
37:49 Stone Mining
44:06 Caravan
44:59 Gold Shaft Mining
45:00 Stone Shaft Mining
44:52 Heavy Plow
47:58 Imperial Age
46:06 Padded Archer Armor
46:12 Scale Barding Armor
46:18 Forging
49:28 Imperial Age
47:15 Leather Archer Armor
48:18 Chain Barding Armor
48:08 Thumb Ring
48:30 Ballistics
50:34 Parthian Tactics
49:30 Elite Mangudai
50:32 Drill
50:33 Conscription
49:47 Capped Ram
50:47 Bracer
50:38 Siege Ram
54:59 Bloodlines
54:50 Husbandry
54:10 Light Cavalry
59:09 Chemistry
58:45 Iron Casting
58:33 Hussar
59:26 Masonry
局長
3:09 Loom
7:58 Double-Bit Axe
13:31 Feudal Age
16:02 Scale Barding Armor
20:35 Forging
22:03 Bow Saw
22:54 Gold Mining
26:27 Castle Age
24:30 Stone Mining
27:42 Wheelbarrow
34:02 Horse Collar
35:58 Fletching
39:02 Two-Man Saw
38:05 Heavy Plow
39:46 Hand Cart
39:16 Town Watch
43:12 Chain Barding Armor
43:28 Iron Casting
42:55 Husbandry
46:36 Imperial Age
47:12 Gold Shaft Mining
47:09 Crop Rotation
47:40 Two-Man Saw
47:41 Conscription
46:42 Elite Coustillier
48:52 Chemistry
48:13 Ballistics
49:24 Plate Barding Armor
49:50 Blast Furnace
52:30 Fervor
52:57 Illumination
52:54 Block Printing
55:03 Burgundian Vineyards
Connection lost

Rejoining the realm…

Still unreachable

The connection could not be restored.

Session expired

The server has moved on; the page needs a fresh start.